 Dungeon Crawl Stone Soup version 0.30-a0-743-gbfdf073431 (webtiles) character file.

Game seed: 13662112114686139557

77943 Dittersdorf the Tortoise (level 15, -4/103 HPs)
             Began as a Gargoyle Fighter on Feb 7, 2023.
             Was the Champion of Okawaru.
             Slain by a fire elemental (8 damage)
             ... summoned by a deep elf pyromancer
             ... on level 1 of the Elven Halls.
             The game lasted 00:36:31 (23699 turns).

Dittersdorf the Tortoise (Gargoyle Fighter)        Turns: 23699, Time: 00:36:31

Health: -4/103     AC: 42    Str: 27    XL:     15   Next: 58%
Magic:  15/15      EV:  9    Int: 13    God:    Okawaru [******]
Gold:   2203       SH:  9    Dex: 12    Spells: 8/14 levels left

rFire   . . .      SeeInvis +    I - +4 morningstar "Usiblell" {heavy, Int+4 SInv}
rCold   . . .      Faith    +    c - +1 buckler
rNeg    + . .      Spirit   .    K - +4 chain mail {Will+}
rPois   ∞          Reflect  .    p - +0 helmet {SInv}
rElec   +          Harm     .    E - +0 cloak
rCorr   .          Rampage  .    w - +2 pair of gloves {Dex+3}
Will    ++...                    m - +1 pair of boots Stlth
                                 y - amulet of faith
HPRegen 0.37/turn                o - +4 ring of protection
MPRegen 0.14/turn                (no ring)

@: flying
A: sickness immunity, AC +11, big wings, negative energy resistance 1,
electricity resistance, torment resistance 1, petrification resistance
a: Renounce Religion, Heroism, Finesse, Duel


You were on level 1 of the Elven Halls.
You worshipped Okawaru.
Okawaru was exalted by your worship.
You visited 5 branches of the dungeon, and saw 20 of its levels.
You also visited: Volcano.

You collected 2203 gold pieces.

Inventory:

Hand Weapons
 x - a +1 morningstar of chaos
 I - the +4 morningstar "Usiblell" (weapon) {heavy, Int+4 SInv}
   (Okawaru gifted it to you on level 5 of the Lair of Beasts)

   Int:       It affects your intelligence (+4).
   SInv:      It lets you see invisible.
Missiles
 F - 2 curare-tipped darts (quivered)
Armour
 c - a +1 buckler (worn)
 m - a +1 pair of boots (worn)
 p - a +0 helmet of see invisible (worn)
 w - a +2 pair of gloves of dexterity (worn)
 E - a +0 cloak (worn)
 K - a +4 chain mail of willpower (worn)
Jewellery
 a - a ring of fire
 f - a ring of ice
 o - a +4 ring of protection (left hand)
 r - an amulet of guardian spirit
 u - a ring of wizardry
 y - an amulet of faith (around neck)
Wands
 l - a wand of roots (5)
 C - a wand of flame (27)
 D - a wand of acid (10)
Scrolls
 b - 8 scrolls of enchant armour
 j - 6 scrolls of teleportation
 n - 3 scrolls of poison
 s - 5 scrolls of fog
 A - 4 scrolls of enchant weapon
 G - a scroll of magic mapping
 J - a scroll of fear
Potions
 d - 2 potions of might
 e - 12 potions of curing
 g - 4 potions of haste
 h - 4 potions of brilliance
 i - 2 potions of invisibility
 k - 4 potions of magic
 t - a potion of heal wounds
 v - a potion of experience {unknown}
 z - a potion of cancellation
 B - 3 potions of mutation


   Skills:
 + Level 15.3 Fighting
 - Level 6.3 Long Blades
 + Level 12.2 Maces & Flails
 + Level 15.3 Armour
 + Level 15.3 Shields


You had 8 spell levels left.
You knew the following spells:

 Your Spells              Type           Power      Damage    Failure   Level
a - Iron Shot             Conj/Erth      0%         9d1       100%        6

Your spell library contained the following spells:

 Spells                   Type           Power      Damage    Failure   Level
 Apportation              Tloc           0%         N/A       77%         1
 Necrotise                Necr           0%         1d4       77%         1
 Ensorcelled Hibernation  Hex/Ice        0%         N/A       88%         2
 Spider Form              Tmut/Pois      0%         N/A       98%         3
 Anguish                  Hex/Necr       0%         N/A       100%        4
 Olgreb's Toxic Radiance  Pois           0%         N/A       100%        4
 Passage of Golubria      Tloc           0%         N/A       100%        4
 Petrify                  Tmut/Erth      0%         N/A       100%        4
 Alistair's Intoxication  Tmut/Pois      0%         N/A       100%        5
 Blade Hands              Tmut           0%         N/A       100%        5
 Borgnjor's Vile Clutch   Necr/Erth      0%         N/A       100%        5
 Irradiate                Conj/Tmut      0%         3d11      100%        5
 Silence                  Hex/Air        0%         N/A       100%        5
 Yara's Violent Unravell  Hex/Tmut       0%         3d3       100%        5
 Eringya's Noxious Bog    Tmut/Pois      0%         N/A       100%        6
 Ozocubu's Refrigeration  Ice            0%         4d7       100%        7
 Ignition                 Fire           0%         3d3       100%        8
 Lehudib's Crystal Spear  Conj/Erth      0%         10d2      100%        8
 Summon Small Mammal      Summ           Unusable   N/A       N/A         1
 Sublimation of Blood     Necr           Unusable   N/A       N/A         2
 Tukima's Dance           Hex            Unusable   N/A       N/A         3
 Animate Armour           Summ/Erth      Unusable   N/A       N/A         4

Dungeon Overview and Level Annotations

Branches:
Dungeon (11/15)            Temple (1/1) D:5            Lair (5/5) D:11
  Swamp (0/4) Lair:3       Spider (0/4) Lair:3        Slime (0/5) Lair:5
    Orc (2/2) D:11            Elf (1/3) Orc:2       Volcano (visited)

Altars:
Ashenzari
Cheibriados
Dithmenos
Elyvilon
Fedhas
Gozag
Hepliaklqana
Kikubaaqudgha
Makhleb
Nemelex Xobeh
Okawaru
Qazlal
Ru
Sif Muna
Trog
Uskayaw
Vehumet
Wu Jian
Xom
Yredelemnul
Zin
The Shining One
Jiyva

Shops:
D:4 *   Orc:2 [?[!

Annotations:
D:5 2 transporters, ParallaxScroll's ghost, novice OpTm
D:6 3 runed translucent doors, kingofthe's ghost, novice GnCK
Orc:2 3 runed translucent doors, Monkooky's ghost, journeyman GnWn


Innate Abilities, Weirdness & Mutations

You are immune to sickness and miasma.
Your stone body is resilient. (AC +11)
You are immune to poison.
Your large and strong wings let you fly.
You resist negative energy. (rN+)
You are resistant to electric shocks. (rElec)
You are resistant to unholy torment.
You are immune to petrification.


Message History

The deep elf pyromancer mumbles some strange words.
The deep elf pyromancer blinks!
You block the orc high priest's attack.
The deep elf pyromancer casts a spell at you.
The bolt of fire hits you!
* * * LOW HITPOINT WARNING * * *
The bolt of fire misses the fire elemental.
The sun demon hits you.
* * * LOW HITPOINT WARNING * * *
You are engulfed in flames!
* * * LOW HITPOINT WARNING * * *
You impale the orc high priest!!
You kill the orc high priest!
Okawaru accepts your kill.
The red devil disappears in a puff of smoke!
The orange demon disappears in a puff of smoke!
The sun demon disappears in a puff of smoke!
The fire elemental hits you. The fire elemental burns you!
* * * LOW HITPOINT WARNING * * *
The deep elf pyromancer hits you but does no damage.
You block the fire elemental's attack.
The fire elemental completely misses you.
You barely miss the fire elemental.
You block the fire elemental's attack. x2
The deep elf pyromancer gestures wildly while chanting.
The deep elf pyromancer blinks!
The fire elemental misses you. The fire elemental closely misses you.
You puncture the fire elemental!
The fire elemental is heavily damaged.
The fire elemental hits you. The fire elemental burns you!
* * * LOW HITPOINT WARNING * * *
The fire elemental barely misses you. The fire elemental closely misses you.
A deep elf zephyrmancer comes into view.
It is wielding a +0 long sword.
The deep elf knight casts a spell at you.
You block the shard of ice.
Okay, then.
You feel better.
The deep elf zephyrmancer shouts!
The fire elemental hits you. The fire elemental burns you!
* * * LOW HITPOINT WARNING * * *
The fire elemental hits you. x2; The fire elemental burns you!
You die...

.... ...####
..°....
.○.....
..°....
E8○....
######E°.####
#<..E@Eo.....
######eo.####
e8.....
4o.....
...e...
.......
...#### e...


You could see a deep elf archer (repels missiles), a deep elf knight, a deep elf
pyromancer, a deep elf zephyrmancer, 4 fire elementals, a chaos spawn
(summoned), an orc priest and 2 orcs.

Vanquished Creatures
  Josephine (Orc:2)
  Erolcha (Orc:1)
  2 catoblepae (Lair:5)
  5 hydras
  A boulder beetle (Lair:2)
  2 two-headed ogres
  13 death yaks
  4 orc high priests
  A sun demon (Volcano)
  A hell knight (Volcano)
  2 goliath frogs (Lair:5)
  A deep elf pyromancer (Elf:1)
  A deep elf zephyrmancer (Elf:1)
  An oklob plant (Lair:2)
  5 orc knights
  5 orc sorcerers
  A manticore (D:11)
  20 elephants
  Joseph (D:10)
  2 black mambas
  A gargoyle (D:11)
  A molten gargoyle (Volcano)
  A torpor snail (Lair:4)
  A rime drake (Lair:2)
  14 komodo dragons
  22 cane toads
  A kobold demonologist (D:11)
  2 unseen horrors (D:11)
  7 polar bears
  4 tyrant leeches
  3 red devils (Volcano)
  5 trolls
  A hornet (D:8)
  A meliai (Lair:3)
  Prince Ribbit (D:6)
  23 blink frogs
  4 dream sheep (Lair:5)
  2 centaur simulacra (D:10)
  4 wyverns
  10 wraiths
  12 fire bats
  7 basilisks
  38 yaks
  5 steam dragons
  Menkaure (D:5)
  A warg (Elf:1)
  6 vampire mosquitoes
  A swamp worm (Lair:3)
  An acid dragon (D:9)
  15 water moccasins
  Duvessa (D:7)
  3 hell hounds
  19 orc warriors
  2 sky beasts
  2 black bears
  4 ice beasts
  4 ogres
  5 centaurs
  17 wolves
  2 kobold brigands
  A phantom (D:6)
  23 bullfrogs
  3 scorpions
  A necrophage (D:5)
  A gnoll sergeant (D:9)
  4 wights (D:10)
  Dowan (D:7)
  10 killer bees
  5 howler monkeys
  2 electric eels
  7 lava snakes
  A gnoll bouda (D:5)
  20 jellies
  3 hounds (D:6)
  12 orc priests
  Terence (D:3)
  3 iguanas (D:6)
  Ijyb (D:3)
  25 orc wizards
  14 gnolls
  14 adders
  A shadow imp (D:6)
  3 white imps (D:10)
  2 ufetubi
  A worm (D:3)
  2 dart slugs
  37 orcs
  4 ball pythons
  29 endoplasms
  3 giant cockroaches
  11 goblins
  2 hobgoblins
  13 jackals
  6 quokkas
  3 bats (D:1)
  4 frilled lizards
  15 kobolds
  6 rats
  2 fire vortices (D:8)
620 creatures vanquished.

Vanquished Creatures (others)
  An elephant (Lair:3)
  An orc wizard (Elf:1)
  An adder (D:6)
  An orc (Orc:1)
  A fire vortex (D:8)
  30 fungi
  116 plants
151 creatures vanquished.

Grand Total: 771 creatures vanquished

Notes
Turn   | Place    | Note
-------+----------+-------------------------------------------
     0 | D:1      | Dittersdorf the Gargoyle Fighter began the quest for the
                  | Orb.
     0 | D:1      | Reached XP level 1. HP: 14/14 MP: 1/1
    69 | D:1      | Reached XP level 2. HP: 19/19 MP: 2/2
   321 | D:1      | Reached XP level 3. HP: 15/23 MP: 3/3
   965 | D:2      | Reached XP level 4. HP: 29/29 MP: 4/4
  1005 | D:2      | Found a faded altar of an unknown god.
  1235 | D:3      | Noticed Ijyb
  1262 | D:3      | Killed Ijyb
  1375 | D:3      | Reached XP level 5. HP: 33/33 MP: 5/5
  1470 | D:3      | Found a stormy altar of Qazlal.
  1750 | D:3      | Found a shadowy altar of Dithmenos.
  1826 | D:3      | Reached XP level 6. HP: 33/39 MP: 3/6
  2000 | D:3      | Noticed Terence
  2016 | D:3      | Killed Terence
  2136 | D:4      | Noticed a sky beast
  2169 | D:4      | Killed a sky beast
  2303 | D:4      | Reached skill level 5 in Armour
  2387 | D:4      | Found Xiah Wipn's General Store.
  2452 | D:4      | Identified the +8 long sword "Boatiomo" {freeze, rElec
                  | SInv}
  2577 | D:4      | Reached skill level 5 in Fighting
  2577 | D:4      | Reached skill level 5 in Shields
  2577 | D:4      | Reached XP level 7. HP: 40/44 MP: 5/7
  2832 | D:4      | Reached skill level 1 in Long Blades
  2944 | D:5      | Entered Level 5 of the Dungeon
  2949 | D:5      | Found a staircase to the Ecumenical Temple.
  2962 | Temple   | Entered the Ecumenical Temple
  2966 | Temple   | Became a worshipper of Warmaster Okawaru
  3095 | D:5      | Reached XP level 8. HP: 46/51 MP: 6/8
  3255 | D:5      | Noticed Menkaure
  3277 | D:5      | Killed Menkaure
  3353 | D:5      | Reached * piety under Okawaru
  3425 | D:5      | Found a transporter.
  3477 | D:5      | Found a transporter.
  3480 | D:5      | Noticed ParallaxScroll's ghost (novice OpTm)
  3798 | D:6      | Found an ancient bone altar of Kikubaaqudgha.
  3907 | D:6      | Found a runed translucent gate.
  3907 | D:6      | Found a runed translucent gate.
  3907 | D:6      | Found a runed translucent gate.
  3907 | D:6      | Found an opulent altar of Gozag.
  3909 | D:6      | Noticed a white ugly thing
  3909 | D:6      | Noticed a troll
  3909 | D:6      | Noticed kingofthe's ghost (novice GnCK)
  4011 | D:6      | Found a sacrificial altar of Ru.
  4249 | D:6      | Reached ** piety under Okawaru
  4250 | D:6      | Reached XP level 9. HP: 44/56 MP: 9/9
  4338 | D:6      | Noticed Prince Ribbit
  4358 | D:6      | Killed Prince Ribbit
  4630 | D:6      | Reached *** piety under Okawaru
  4740 | D:6      | Noticed a troll
  4752 | D:6      | Killed a troll
  5302 | D:7      | Noticed Dowan
  5303 | D:7      | Noticed Duvessa
  5310 | D:7      | Killed Duvessa
  5311 | D:7      | Reached skill level 5 in Long Blades
  5315 | D:7      | Killed Dowan
  5802 | D:7      | Reached XP level 10. HP: 62/64 MP: 10/10
  6139 | D:7      | Reached **** piety under Okawaru
  6208 | D:8      | Learned a level 6 spell: Iron Shot
  6275 | D:8      | Noticed a two-headed ogre
  6285 | D:8      | Killed a two-headed ogre
  6970 | D:8      | Reached ***** piety under Okawaru
  7297 | D:9      | Identified a scroll of acquirement
  7297 | D:9      | Acquired the +8 whip "Snakebite" {venom, curare, rPois}
  7297 | D:9      | Found the +8 whip "Snakebite" {venom, curare, rPois}
  7716 | D:9      | Received a gift from Okawaru
  8039 | D:9      | Found a shimmering blue altar of Sif Muna.
  8064 | D:9      | Reached XP level 11. HP: 68/71 MP: 11/11
  8628 | D:10     | Entered Level 10 of the Dungeon
  8645 | D:9      | Reached skill level 5 in Maces & Flails
  8710 | D:9      | Reached skill level 10 in Armour
  8796 | D:10     | Reached skill level 10 in Fighting
  8796 | D:10     | Reached skill level 10 in Shields
  9098 | D:10     | Noticed Joseph
  9114 | D:10     | Killed Joseph
 10245 | D:11     | Found a staircase to the Orcish Mines.
 10410 | D:11     | Noticed a two-headed ogre
 10424 | D:11     | Killed a two-headed ogre
 10558 | D:11     | Noticed a manticore
 10568 | D:11     | Killed a manticore
 10613 | D:11     | Found a staircase to the Lair.
 11238 | Lair:1   | Entered Level 1 of the Lair of Beasts
 11281 | Lair:1   | Reached XP level 12. HP: 70/79 MP: 12/12
 11330 | Lair:1   | Identified the +12 crystal plate armour of Wonder {rElec
                  | Str-4 Dex+6 Stlth+} (Okawaru gifted it to you on level 1 of
                  | the Lair of Beasts)
 11330 | Lair:1   | Received a gift from Okawaru
 11335 | Lair:1   | You fall into a shaft and drop 1 floor!
 11596 | Lair:1   | Found a dark tunnel.
 11603 | Volcano  | Entered a volcano
 11781 | Volcano  | Reached ****** piety under Okawaru
 11848 | Volcano  | Noticed a hell knight
 11888 | Volcano  | HP: 3/80 [hell knight/+2 glaive of flaming (15)]
 11888 | Volcano  | HP: 1/80 [hell knight/+2 glaive of flaming (2)]
 11890 | Volcano  | Killed a hell knight
 12142 | Volcano  | Found a bloodstained altar of Trog.
 12142 | Volcano  | Noticed a sun demon
 12160 | Volcano  | Killed a sun demon
 13099 | Lair:2   | Noticed a boulder beetle
 13112 | Lair:2   | Killed a boulder beetle
 13449 | Lair:2   | Reached XP level 13. HP: 72/86 MP: 13/13
 14030 | Lair:2   | Received a gift from Okawaru
 14145 | Lair:2   | Received a gift from Okawaru
 14646 | Lair:3   | Found a hole to the Spider Nest.
 15333 | Lair:3   | Found a staircase to the Swamp.
 15372 | Lair:3   | Found an iron altar of Okawaru.
 15581 | Lair:4   | Identified the +4 scale mail "Pani" {rC++ Slay+2} (Okawaru
                  | gifted it to you on level 4 of the Lair of Beasts)
 15581 | Lair:4   | Received a gift from Okawaru
 15995 | Lair:4   | Reached skill level 10 in Maces & Flails
 16125 | Lair:4   | Gained mutation: Your large and strong wings let you fly.
                  | [Gargoyle growth]
 16125 | Lair:4   | Reached XP level 14. HP: 38/94 MP: 14/14
 17432 | Lair:5   | Entered Level 5 of the Lair of Beasts
 18117 | Lair:5   | Identified the +4 morningstar "Usiblell" {heavy, Int+4
                  | SInv} (Okawaru gifted it to you on level 5 of the Lair of
                  | Beasts)
 18117 | Lair:5   | Received a gift from Okawaru
 18362 | Lair:5   | HP: 3/96 [wolf (3)]
 18378 | Lair:5   | HP: 1/96 [cane toad (8)]
 18739 | Lair:5   | Received a gift from Okawaru
 18912 | Lair:5   | HP: 3/96 [cane toad (10)]
 19295 | Lair:5   | Found a staircase to the Slime Pits.
 19295 | Lair:5   | Found a viscous altar of Jiyva.
 19405 | Lair:5   | Reached XP level 15. HP: 101/101 MP: 15/15
 20540 | Orc:1    | Entered Level 1 of the Orcish Mines
 20651 | Orc:2    | Entered Level 2 of the Orcish Mines
 20655 | Orc:2    | Noticed Erolcha
 20667 | Orc:1    | Killed Erolcha
 20667 | Orc:1    | Identified the +3 demon whip of Autumn {drain, rF+ rC+}
                  | (Okawaru gifted it to you on level 1 of the Orcish Mines)
 20667 | Orc:1    | Received a gift from Okawaru
 20668 | Orc:1    | Reached skill level 15 in Armour
 21015 | Orc:2    | Reached skill level 15 in Shields
 21134 | Orc:1    | Found the +4 robe of Folly {Brill Will-∞ Int+8}
 21249 | Orc:1    | Reached skill level 15 in Fighting
 21603 | Orc:2    | Found a runed translucent gate.
 21603 | Orc:2    | Identified the +1 kite shield "Qet Epn" {rF- Regen+ Str+5
                  | Slay+3}
 21603 | Orc:2    | Noticed an orc warlord
 21603 | Orc:2    | Noticed Monkooky's ghost (journeyman GnWn)
 22061 | Orc:2    | Found a staircase to the Elven Halls.
 22061 | Orc:2    | Found a runed translucent gate.
 22062 | Orc:2    | Found a runed translucent gate.
 22123 | Orc:2    | Noticed Josephine
 22140 | Orc:2    | Killed Josephine
 22957 | Orc:2    | Received a gift from Okawaru
 23549 | Orc:2    | Found Enaz's Armour Shoppe.
 23554 | Orc:2    | Found Dunoib's Magic Scroll Shop.
 23620 | Orc:2    | Found Zoaz Cosme's Antique Armour Shop.
 23622 | Orc:2    | Found Gybis's Distillery.
 23667 | Elf:1    | Entered Level 1 of the Elven Halls
 23698 | Elf:1    | HP: 2/103 [fire elemental[a deep elf pyromancer] (8)]
 23699 | Elf:1    | Slain by a fire elemental

Illustrated notes

Levels and vault maps discovered:
D:1:      lemuel_arrival_room, layout_loops_cross
D:2:      layout_rooms, ebering_ecumenical_altar_abandoned
D:3:      layout_basic, nicolae_qazlal_scattered_showers,
          grunt_dithmenos_smoke_and_mirrors, serial_aquarium,
          aquarium_bridge_square [aquarium_subvault_bridge,
          aquarium_subvault_window, aquarium_subvault_window,
          aquarium_subvault_bridge], aquarium_window_fake, aquarium_window_1,
          aquarium_window_2, aquarium_view_2a, aquarium_balcony_1b,
          minivault_27, minmay_misc_feat_cross, uniq_terence, uniq_ijyb
D:4:      layout_loops_cross, serial_shops, nicolae_shop_statue_plus
D:5:      layout_rooms, minmay_temple_entry_statues_pillars,
          gammafunk_ghost_mausoleum, uniq_menkaure
D:6:      minmay_chambers_of_threes, layout_loops_corners,
          nicolae_ru_sacrificial_ziggurat, kennysheep_little_box,
          ebering_ghost_gozag, uniq_prince_ribbit1
D:7:      layout_gridville, serial_glass, glass_columns_a, glass_columns_a,
          feat_on_display, uniq_duvessa
D:8:      layout_basic, hangedman_incinerator
D:9:      layout_basic, nicolae_sif_muna_condensation
D:10:     layout_loops_ring, serial_ice, serial_ice_m, serial_ice_k,
          serial_ice_g, serial_ice_o, minmay_between, uniq_joseph
D:11:     layout_layer_cave, lair_entry_dummy, david_orc_3
Temple:   sentei_temple_godly_chess
Lair:1:   layout_misc_corridors, nicolae_volcano_entry_hallway,
          serial_bayou_ford_a
Lair:2:   lemuel_slime, layout_chaotic_city
Lair:3:   layout_hall_layers, minmay_swamp_entry_worms,
          hellmonk_spider_entry_not_the_bees, basic_altar,
          chequers_serial_rivers_micro_b
Lair:4:   nzn_winding_woodlands_stair_cross [nzn_winding_woodlands_5x15_garden,
          nzn_winding_woodlands_center_garden, nzn_winding_woodlands_5x15_twine,
          nzn_winding_woodlands_5x5_closed_star,
          nzn_winding_woodlands_5x5_checkerboard,
          nzn_winding_woodlands_5x15_pool,
          nzn_winding_woodlands_center_diamonds,
          nzn_winding_woodlands_5x15_lazy_stream], layout_cave_pods
Lair:5:   minmay_lair_end_frog_pond, layout_cellular_growth,
          minmay_slime_entry_jelly_boxes
Orc:1:    layout_diamond_mine, dreamdust_deal_with_the_devil
Orc:2:    st_orc_elflike, layout_caves, biasface_ghost_orc_armoury,
          uniq_erolcha, uniq_josephine
Elf:1:    eino_elf_arrival_shootout, layout_loops_corners, serial_shops,
          bzr_entry_safe, hangedman_elven_crosses_minicolossus,
          nicolae_elf_crossing_hall, uniq_louise

Skill      XL: |  1  2  3  4  5  6  7  8  9 10 11 12 13 14 15 |
---------------+----------------------------------------------+-----
Fighting       | 4 5 6 8 9 10 12 13 14 15 | 15.3
Armour         | 4 5 7 8 9 11 12 13 14 15 | 15.3
Shields        | 4 5 6 8 9 10 12 13 14 15 | 15.3
Maces & Flails | 3 4 6 8 10 11 12 | 12.2
Long Blades    | 2 3 5 6 |  6.3

Action                     |  1- 3 |  4- 6 |  7- 9 | 10-12 | 13-15 || total
---------------------------+-------+-------+-------+-------+-------++-------
  Melee: Flail             |   154 |   155 |       |       |       ||   309
         Long sword        |       |     9 |   243 |    99 |       ||   351
         Whip              |       |       |       |   667 |   700 ||  1367
         Morningstar       |       |       |       |       |   503 ||   503
  Throw: Dart              |       |       |     6 |     1 |     1 ||     8
 Invoke: Heroism           |       |       |       |     3 |    12 ||    15
    Use: Scroll            |       |    10 |     3 |    13 |     3 ||    29
         Potion            |       |       |       |     1 |     8 ||     9
   Stab: Invisible         |       |       |       |       |     4 ||     4
         Petrified         |       |       |       |       |     1 ||     1
 Armour: Scale mail        |    92 |    80 |    18 |       |   175 ||   365
         Plate armour      |       |       |   159 |   500 |   177 ||   836
         Chain mail        |       |       |       |    14 |   767 ||   781
  Dodge: Dodged            |    89 |    72 |    79 |   208 |   469 ||   917
  Block: Buckler           |    49 |    24 |    60 |   272 |   575 ||   980

Table legend: (Time is in decaauts)
 A = Elapsed time spent in this place.
 B = Non-inter-level travel time spent in this place.
 C = Inter-level travel time spent in this place.
 D = Time resting spent in this place.
 E = Time spent auto-exploring this place.
 F = Levels seen in this place.
 G = Mean time per level.
                   A        B        C        D        E       F      G
               +--------+--------+--------+--------+--------+-----+--------+
         Total |  23712 |  22847 |    865 |   5360 |  12331 |  21 | 1129.1 |
       Dungeon |  11450 |  10885 |    565 |   1353 |   7275 |  11 | 1040.9 |
        Temple |      8 |      3 |      5 |      0 |      0 |   1 |    8.0 |
          Lair |   8135 |   7897 |    238 |   2055 |   3922 |   5 | 1627.0 |
  Orcish Mines |   3202 |   3146 |     56 |   1549 |    937 |   2 | 1601.0 |
   Elven Halls |     39 |     39 |      0 |      0 |      0 |   1 |   39.0 |
       Volcano |    875 |    875 |      0 |    403 |    197 |   1 |  875.0 |
               +--------+--------+--------+--------+--------+-----+--------+

Top non-repeatable levels by time:
  Lair:5: 2975 daAuts
  Lair:4: 1905 daAuts
   Orc:2: 1831 daAuts
     D:6: 1563 daAuts
    D:11: 1548 daAuts
     D:9: 1428 daAuts
   Orc:1: 1370 daAuts
  Lair:2: 1282 daAuts
  Lair:3: 1106 daAuts
     D:8: 1069 daAuts
     D:7: 1016 daAuts
    D:10: 1007 daAuts
     D:4: 943 daAuts
     D:3: 923 daAuts
 Volcano: 875 daAuts
